 Dungeon Crawl Stone Soup version 0.23-a0-608-g7a20e1320a (webtiles) character file.

7 D1HalberdGnoll the Caller (level 1, -2/10 HPs)
             Began as a Deep Elf Summoner on Dec 21, 2018.
             Slain by a leopard gecko (4 damage)
             ... on level 1 of the Dungeon.
             The game lasted 00:00:57 (367 turns).

D1HalberdGnoll the Caller (Deep Elf Summoner)        Turns: 367, Time: 00:00:57

Health: -2/10      AC:  2    Str:  5    XL:     1   Next: 83%
Magic:  6/6        EV: 13    Int: 19    God:
Gold:   17         SH:  0    Dex: 15    Spells: 5/6 levels left

rFire    . . .     SeeInvis .   g - +1 hand axe (chop)
rCold    . . .     Gourm    .   (no shield)
rNeg     . . .     Faith    .   a - +0 robe
rPois    .         Spirit   .   (no helmet)
rElec    .         Reflect  .   (no cloak)
rCorr    .         Harm     .   (no gloves)
MR       .....                  (no boots)
Stlth    ++........             b - amulet of the acrobat
HPRegen  0.03/turn              (no ring)
MPRegen  0.10/turn              (no ring)

@: no status effects
A: no striking features
a: no special abilities


You were on level 1 of the Dungeon.
You were not hungry.

You visited 1 branch of the dungeon, and saw 1 of its levels.

You collected 17 gold pieces.

Inventory:

Hand Weapons
 g - a +1 hand axe of chopping (weapon)
Armour
 a - a +0 robe (worn)
Jewellery
 b - an amulet of the acrobat (around neck)
Scrolls
 e - a scroll of immolation {unknown}
 f - a scroll of teleportation {unknown}
 h - a scroll of identify {unknown}
Comestibles
 c - 2 rations
 d - 2 chunks of flesh


   Skills:
 + Level 0.2 Fighting
 + Level 2.6 Dodging
 - Level 2.4 Stealth
 + Level 3.1 Spellcasting
 * Level 4.5 Summonings


You had 5 spell levels left.
You knew the following spells:

 Your Spells              Type           Power        Failure   Level  Hunger
a - Summon Small Mammal   Summ           ###.         2%          1    None

Your spell library contained the following spells:

 Spells                   Type           Power        Failure   Level  Hunger
 Call Imp                 Summ           ###.....     3%          2    ##.....
 Call Canine Familiar     Summ           ###.....     7%          3    ###....
 Summon Guardian Golem    Hex/Summ       ##......     19%         3    ###....
 Summon Ice Beast         Ice/Summ       ##......     52%         4    ####...
 Summon Lightning Spire   Summ/Air       ##......     52%         4    ####...


Dungeon Overview and Level Annotations

Branches:
Dungeon (1/15)

Altars:


Message History

* * * LOW HITPOINT WARNING * * *
The leopard gecko barely misses you. The kobold misses you.
Your quokka bites the leopard gecko.
The leopard gecko misses you.
The kobold hits something with a +0 whip.
Something misses your quokka.
The leopard gecko completely misses you.
Your quokka bites the kobold.
The kobold dies!
The leopard gecko misses you.
Your quokka misses the leopard gecko. The leopard gecko barely misses you.
Your quokka completely misses the leopard gecko.
You closely miss the leopard gecko.
The leopard gecko is almost dead.
The leopard gecko barely misses you.
Your quokka barely misses the leopard gecko.
You closely miss the leopard gecko.
The leopard gecko is almost dead.
The leopard gecko bites you.
You die...

###
#.####################
#..............#@lr..#
#.############.#.###.#
#.......#....#...###.###
#######.#.##.#####.....#
#...##.# #####.#
######.# #....)#
...#.#####.#.)>#
#.#>....#.#..##
#....#.......


You could see a leopard gecko and a friendly quokka.

Vanquished Creatures
  A goblin (D:1)
1 creature vanquished.

Vanquished Creatures (collateral kills)
  2 giant cockroaches (D:1)
  A goblin (D:1)
  A hobgoblin (D:1)
  A bat (D:1)
  A frilled lizard (D:1)
  2 kobolds (D:1)
8 creatures vanquished.

Grand Total: 9 creatures vanquished

Notes
Turn   | Place    | Note
-------+----------+-------------------------------------------
     0 | D:1      | D1HalberdGnoll the Deep Elf Summoner began the quest for
                  | the Orb.
     0 | D:1      | Reached XP level 1. HP: 10/10 MP: 6/6
   367 | D:1      | Slain by a leopard gecko

Vault maps used:
D:1:      saegor_arrival_under_anarchy

Action                   || total
-------------------------++-------
Melee: Unarmed           ||    14
       Hand axe          ||     6
 Cast: Summon Small Mamm ||    10
Armor: Robe              ||     5
Dodge: Dodged            ||    38

Table legend:
 A = Non-vault XP
 B = Vault XP
 C = Vault XP percentage of total XP
 D = Non-vault monster count
 E = Vault monster count
 F = Vault count percentage of total count
                 A         B        C        D         E       F
            +---------+---------+-------+---------+---------+-------
      Total |      10 |       0 |   0.0 |       9 |       0 |   0.0
            +---------+---------+-------+---------+---------+-------
        D:1 |      10 |       0 |   0.0 |       9 |       0 |   0.0
            +---------+---------+-------+---------+---------+-------
